 Dungeon Sprint DCSS version 0.22-a0-414-gacd343e (webtiles) character file.

10 Mgcat the Insei (level 2, -1/23 HPs)
             Began as a Gnoll Transmuter on May 13, 2018.
             Killed by nerve-wracking pain
             ... invoked by a shadow imp
              (12 damage)
             ... in the Dungeon (Sprint IX: "|||||||||||||||||||||||||||||").
             The game lasted 00:00:31 (61 turns).

Mgcat the Insei (Gnoll Transmuter)                    Turns: 61, Time: 00:00:32

Health: -1/23      AC:  2    Str: 12    XL:     2   Next: 20%
Magic:  8/8        EV: 15    Int: 15    God:
Gold:   0          SH:  0    Dex: 15    Spells: 10/11 levels left

rFire    . . .     SeeInvis .   c - -3 dagger (curse)
rCold    . . .     Gourm    .   (no shield)
rNeg     . . .     Faith    .   b - +0 robe
rPois    .         Spirit   .   (no helmet)
rElec    .         Reflect  .   (no cloak)
rCorr    .         Harm     .   (no gloves)
MR       .....     NoTele   +   (no boots)
Stlth    ++........             (no amulet)
HPRegen  0.07/turn              (no ring)
MPRegen  0.11/turn              (no ring)

@: no status effects
A: distributed training, fangs 1, strong nose
a: no special abilities


You were in the Dungeon.
You were not hungry.

You visited 1 branch

Inventory:

Hand Weapons
 c - a cursed -3 dagger (weapon)
   (You took it off a kobold in the Dungeon)
 k - a +0 short sword
   (You took it off a kobold in the Dungeon)
Missiles
 a - 12 arrows
Armour
 b - a +0 robe (worn)
Scrolls
 j - a scroll of blinking {!r}
Potions
 e - a potion of curing
 f - a potion of heal wounds
 g - a potion of haste
 h - 2 potions of magic
 i - a potion of berserk rage {!q}
Comestibles
 d - a ration
 l - 2 chunks of flesh {@w0}


   Skills:
 + Level 2.8 Fighting
 + Level 1.2 Short Blades
 + Level 1.2 Long Blades
 + Level 1.2 Axes
 + Level 1.2 Maces & Flails
 + Level 1.2 Polearms
 + Level 1.2 Staves
 + Level 1.2 Slings
 + Level 1.2 Bows
 + Level 1.2 Crossbows
 + Level 1.2 Throwing
 + Level 1.2 Armour
 + Level 4.6 Dodging
 + Level 1.2 Stealth
 + Level 1.2 Shields
 + Level 6.6 Unarmed Combat
 + Level 5.1 Spellcasting
 + Level 1.0 Conjurations
 + Level 1.0 Hexes
 + Level 1.0 Charms
 + Level 1.0 Summonings
 + Level 1.0 Necromancy
 + Level 1.0 Translocations
 + Level 3.8 Transmutations
 + Level 1.0 Fire Magic
 + Level 1.0 Ice Magic
 + Level 1.0 Air Magic
 + Level 1.0 Earth Magic
 + Level 1.0 Poison Magic
 + Level 1.3 Invocations
 + Level 1.2 Evocations


You had 10 spell levels left.
You knew the following spells:

 Your Spells              Type           Power        Failure   Level  Hunger
a - Beastly Appendage     Tmut           ###...       3%          1    None

Your spell library contained the following spells:

 Spells                   Type           Power        Failure   Level  Hunger
 Spider Form              Tmut/Pois      ##........   19%         3    ###....
 Blade Hands              Tmut           ###.......   67%         5    ######.
 Ice Form                 Ice/Tmut       ##......     52%         4    ####...
 Sticks to Snakes         Tmut           ###.....     4%          2    ##.....


Dungeon Overview and Level Annotations

Branches:
Dungeon (1/1)

Altars:


Innate Abilities, Weirdness & Mutations

Your experience applies equally to all skills.
You have very sharp teeth.
Your uncanny sense of smell can sniff out nearby items.


Message History

The orc is lightly wounded.
The shadow imp puffs mist at you. The orc closely misses you.
You hit the orc. You punch the orc.
The orc is heavily wounded.
The orc misses you.
You barely miss the orc.
The orc is heavily wounded.
The orc closely misses you.
The crimson imp blinks!
You hit the orc but do no damage. Your punch misses the orc.
Your bite misses the orc.
The orc is heavily wounded.
The orc hits you with a dagger.
The crimson imp laughs crazily.
You hit the orc but do no damage. Your kick misses the orc.
The orc is heavily wounded.
The shadow imp shouts, "Begone, thou currish earth-vexing lewdster!"
The orc hits you but does no damage.
You hit the orc.
You kill the orc!
Your Short Blades skill increases to level 1!
Your Long Blades skill increases to level 1!
Your Axes skill increases to level 1!
Your Maces & Flails skill increases to level 1!
Your Polearms skill increases to level 1!
Your Staves skill increases to level 1!
Your Slings skill increases to level 1!
Your Bows skill increases to level 1!
Your Crossbows skill increases to level 1!
Your Throwing skill increases to level 1!
Your Armour skill increases to level 1!
Your Stealth skill increases to level 1!
Your Shields skill increases to level 1!
Your Evocations skill increases to level 1!
You have reached level 2!
The leopard gecko barely misses you.
You hit the leopard gecko but do no damage.
You claw the leopard gecko, but do no damage.
The leopard gecko bites you.
You hit the leopard gecko but do no damage.
Your transformation is almost over.
The leopard gecko bites you but does no damage.
You hit the leopard gecko but do no damage.
You claw the leopard gecko.
The leopard gecko is heavily wounded.
The crimson imp lashes its tail.
The crimson imp blinks!
The leopard gecko closely misses you.
You hit the leopard gecko.
The leopard gecko is almost dead.
The leopard gecko closely misses you.
You hit the leopard gecko but do no damage.
Your bite misses the leopard gecko.
The leopard gecko is almost dead.
The leopard gecko misses you.
You hit the leopard gecko but do no damage.
You kill the leopard gecko!
You miss the frilled lizard. Your kick misses the frilled lizard.
The frilled lizard closely misses you.
You hit the frilled lizard but do no damage.
The frilled lizard closely misses you.
You hit the frilled lizard but do no damage.
The frilled lizard completely misses you.
You hit the frilled lizard but do no damage.
The frilled lizard misses you.
You miss the frilled lizard. You bite the frilled lizard.
The frilled lizard is heavily wounded.
Your talons disappear.
The frilled lizard misses you.
You barely miss the frilled lizard.
The frilled lizard is heavily wounded.
The frilled lizard closely misses you.
You completely miss the frilled lizard.
The frilled lizard is heavily wounded.
The frilled lizard misses you.
You miss the frilled lizard.
The frilled lizard is heavily wounded.
You miss the frilled lizard. Your punch misses the frilled lizard.
You bite the frilled lizard, but do no damage.
The frilled lizard is heavily wounded.
The frilled lizard bites you but does no damage.
You barely miss the frilled lizard.
The frilled lizard is heavily wounded.
The frilled lizard completely misses you.
You hit the frilled lizard but do no damage.
You kill the frilled lizard!
Your Conjurations skill increases to level 1!
Your Hexes skill increases to level 1!
Your Charms skill increases to level 1!
Your Summonings skill increases to level 1!
Your Necromancy skill increases to level 1!
Your Translocations skill increases to level 1!
Your Fire Magic skill increases to level 1!
Your Ice Magic skill increases to level 1!
Your Air Magic skill increases to level 1!
Your Earth Magic skill increases to level 1!
Your Poison Magic skill increases to level 1!
You closely miss the crimson imp. The crimson imp completely misses you.
You closely miss the crimson imp.
The crimson imp blinks!
The shadow imp gestures at you. Pain shoots through your body!
Ouch! That really hurt!
You die...

▓.▓
▓.▓
▓'▓
▓†▓
▓.▓
▓.▓
▓.▓
∆
▓.▓
∆
▓@▓
∆
▓5▓
∆
▓5▓
∆
▓.▓
∆
▓.▓
∆
▓.▓
∆
▓+▓
∆


You could see a crimson imp and a shadow imp.

Vanquished Creatures
  A leopard gecko (D)
  An orc (D)
  A bat (D)
  A giant cockroach (D)
  A jackal (D)
  A frilled lizard (D)
  2 kobolds (D)
8 creatures vanquished.

Vanquished Creatures (others)
  A spatial maelstrom (D)
1 creature vanquished.

Grand Total: 9 creatures vanquished

Notes
Turn   | Place    | Note
-------+----------+-------------------------------------------
     0 | D        | Mgcat the Gnoll Transmuter began the quest for the Orb.
     0 | D        | Reached XP level 1. HP: 17/17 MP: 6/6
     9 | D        | Reached skill level 5 in Spellcasting
    10 | D        | Banished a spatial maelstrom
    13 | D        | Reached skill level 1 in Invocations
    30 | D        | Noticed a crimson imp
    41 | D        | Reached skill level 1 in Short Blades
    41 | D        | Reached skill level 1 in Long Blades
    41 | D        | Reached skill level 1 in Axes
    41 | D        | Reached skill level 1 in Maces & Flails
    41 | D        | Reached skill level 1 in Polearms
    41 | D        | Reached skill level 1 in Staves
    41 | D        | Reached skill level 1 in Slings
    41 | D        | Reached skill level 1 in Bows
    41 | D        | Reached skill level 1 in Crossbows
    41 | D        | Reached skill level 1 in Throwing
    41 | D        | Reached skill level 1 in Armour
    41 | D        | Reached skill level 1 in Stealth
    41 | D        | Reached skill level 1 in Shields
    41 | D        | Reached skill level 1 in Evocations
    41 | D        | Reached XP level 2. HP: 12/23 MP: 6/8
    58 | D        | Reached skill level 1 in Conjurations
    58 | D        | Reached skill level 1 in Hexes
    58 | D        | Reached skill level 1 in Charms
    58 | D        | Reached skill level 1 in Summonings
    58 | D        | Reached skill level 1 in Necromancy
    58 | D        | Reached skill level 1 in Translocations
    58 | D        | Reached skill level 1 in Fire Magic
    58 | D        | Reached skill level 1 in Ice Magic
    58 | D        | Reached skill level 1 in Air Magic
    58 | D        | Reached skill level 1 in Earth Magic
    58 | D        | Reached skill level 1 in Poison Magic
    61 | D        | Killed from afar by a shadow imp

Vault maps used:
D:        linesprint

Skill      XL: |  1  2 |
---------------+-------+-----
Spellcasting   | 5 |  5.1
Invocations    | 1 |  1.3
Short Blades   | 1 |  1.2
Long Blades    | 1 |  1.2
Axes           | 1 |  1.2
Maces & Flails | 1 |  1.2
Polearms       | 1 |  1.2
Staves         | 1 |  1.2
Slings         | 1 |  1.2
Bows           | 1 |  1.2
Crossbows      | 1 |  1.2
Throwing       | 1 |  1.2
Armour         | 1 |  1.2
Stealth        | 1 |  1.2
Shields        | 1 |  1.2
Evocations     | 1 |  1.2
Conjurations   | 1 |  1.0
Hexes          | 1 |  1.0
Charms         | 1 |  1.0
Summonings     | 1 |  1.0
Necromancy     | 1 |  1.0
Translocations | 1 |  1.0
Fire Magic     | 1 |  1.0
Ice Magic      | 1 |  1.0
Air Magic      | 1 |  1.0
Earth Magic    | 1 |  1.0
Poison Magic   | 1 |  1.0
Fighting       | |  2.8
Dodging        | |  4.6
Unarmed Combat | |  6.6
Transmutations | |  3.8

Action                   || total
-------------------------++-------
Melee: Dagger            ||    28
       Unarmed           ||     7
       Kick              ||     5
       Punch             ||     2
       Bite              ||     3
 Cast: Beastly Appendage ||     2
Armor: Robe              ||     3
Dodge: Dodged            ||    23

Table legend:
 A = Spawn XP
 B = Non-spawn XP
 C = Spawn XP percentage of total XP
 D = Spawn monster count
 E = Non-spawn monster count
 F = Spawn count percentage of total count
 G = Total turns spent on level
                    A         B        C        D         E        F      G
               +---------+---------+-------+---------+---------+-------+---------
         Total |       0 |      15 |   0.0 |       0 |       8 |   0.0 |    61
               +---------+---------+-------+---------+---------+-------+---------
             D |       0 |      15 |   0.0 |       0 |       8 |   0.0 |    61
               +---------+---------+-------+---------+---------+-------+---------

Vault maps used:
D:        linesprint

Table legend:
 A = Turns spent in this place as a percentage of turns spent in the entire game.
 B = Non-inter-level travel turns spent in this place as a percentage of non-inter-level travel turns spent in the entire game.
 C = Inter-level travel turns spent in this place as a percentage of turns spent in this place.
 D = Turns resting spent in this place as a percentage of non-inter-level travel turns spent in this place.
 E = Turns spent auto-exploring this place as a percentage of non-inter-level travel turns spent in this place.
 F = Non-inter-level travel turns spent in this place divided by the number of levels of this place that you've seen.
                   A       B       C       D       E      F
               +-------+-------+-------+-------+-------+----------------------
         Total | 100.0 | 100.0 |   0.0 |   0.0 |   4.9 |  61.0
       Dungeon | 100.0 | 100.0 |   0.0 |   0.0 |   4.9 |  61.0
               +-------+-------+-------+-------+-------+----------------------

Table legend:
 A = Kills in this place as a percentage of kills in entire the game.
 B = Kills by you in this place as a percentage of kills by you in the entire game.
 C = Kills by friends in this place as a percentage of kills by friends in the entire game.
 D = Other kills in this place as a percentage of other kills in the entire game.
 E = Experience gained in this place as a percentage of experience gained in the entire game.
 F = Experience gained in this place divided by the number of levels of this place that you have seen.
                   A       B       C       D       E      F
               +-------+-------+-------+-------+-------+----------------------
         Total | 100.0 | 100.0 |   N/A |   N/A | 100.0 |  15.0
       Dungeon | 100.0 | 100.0 |   N/A |   N/A | 100.0 |  15.0
               +-------+-------+-------+-------+-------+----------------------
